 Dungeon Crawl Stone Soup version 0.23-a0-625-g1d2cd9b (webtiles) character file.

51 Leeroy the Slasher (level 3, -2/25 HPs)
             Began as a Barachi Skald on Dec 24, 2018.
             Slain by a worm (8 damage)
             ... on level 2 of the Dungeon.
             The game lasted 00:04:05 (1398 turns).

Leeroy the Slasher (Barachi Skald)                  Turns: 1398, Time: 00:04:05

Health: -2/25      AC:  6    Str: 12    XL:     3   Next: 83%
Magic:  2/6        EV: 11    Int: 14    God:
Gold:   59         SH:  0    Dex: 11    Spells: 0/6 levels left

rFire    . . .     SeeInvis .   a - +0 falchion
rCold    . . .     Gourm    .   (no shield)
rNeg     . . .     Faith    .   l - +0 ring mail
rPois    .         Spirit   .   (no helmet)
rElec    .         Reflect  .   h - +0 cloak
rCorr    .         Harm     .   (no gloves)
MR       .....                  (no boots)
Stlth    +.........             (no amulet)
HPRegen  0.08/turn              (no ring)
MPRegen  0.10/turn              (no ring)

@: very slightly contaminated, slow
A: +LOS, swims, frail 1, high mp 1, slowness 1, strong legs 1
a: Hop


You were on level 2 of the Dungeon.
You were hungry.

You visited 1 branch of the dungeon, and saw 2 of its levels.

You collected 59 gold pieces.

Inventory:

Hand Weapons
 a - a +0 falchion (weapon)
 r - a +0 spear
 v - a +0 hunting sling
Missiles
 f - 20 stones (quivered)
 j - 11 needles of confusion
 t - 45 sling bullets
 u - 61 arrows
Armour
 b - a +0 leather armour
 h - a +0 cloak (worn)
 i - a +0 chain mail
 l - a +0 ring mail (worn)
Scrolls
 e - a scroll of remove curse {unknown}
 k - a scroll of enchant armour {unknown}
 q - a scroll of teleportation {unknown}
 s - a scroll of magic mapping {unknown}
 y - a scroll of fog {unknown}
Potions
 g - a potion of heal wounds {unknown}
 o - a potion of curing {unknown}
 p - a potion of magic {unknown}
Comestibles
 d - 3 rations


   Skills:
 - Level 2.4 Fighting
 + Level 4.0 Long Blades
 + Level 2.7 Armour
 - Level 2.1 Dodging
 + Level 0.1 Stealth
 - Level 2.1 Spellcasting
 - Level 3.3 Charms


You couldn't memorise any spells.
You knew the following spells:

 Your Spells              Type           Power        Failure   Level  Hunger
a - Infusion              Chrm           ##..         13%         1    #......
b - Shroud of Golubria    Chrm/Tloc      #.........   36%         2    ###....
c - Regeneration          Chrm/Necr      #.........   61%         3    ###....

Your spell library contained the following spells:

 Spells                   Type           Power        Failure   Level  Hunger
 Song of Slaying          Chrm           ##......     21%         2    ###....
 Spectral Weapon          Hex/Chrm       #.......     61%         3    ###....


Dungeon Overview and Level Annotations

Branches:
Dungeon (2/15)

Altars:


Innate Abilities, Weirdness & Mutations

Shadows flee at your approach. (+LOS)
You can swim through water.
You cover ground slowly.
You can hop short distances.
You are frail. (-10% HP)
You have an increased reservoir of magic. (+10% MP)


Message History

Aim: a worm (lightly wounded)
You throw a stone. The stone hits the worm.
The worm is moderately wounded.
Throwing (i - inventory)
f - 22 stones (quivered)
Press: ? - help, Shift-Dir - straight line, f/p - worm
Aim: a worm (lightly wounded)
You throw a stone. The stone hits the worm.
The worm is moderately wounded.
Casting: Regeneration (quite dangerous; 61% risk of failure)
Confirm with . or Enter, or press ? or * to list all spells.
Okay, then.
Throwing (i - inventory)
f - 21 stones (quivered)
Press: ? - help, Shift-Dir - straight line, f/p - worm
Aim: a worm (moderately wounded)
You throw a stone. The stone hits the worm.
The worm is moderately wounded.
You barely miss the worm.
The worm is moderately wounded.
The worm bites you!
You die...

.......................>.##.#
###########.########.#....÷.#
...............###.#...÷..#
....#####.####...#.#......#
#.# #...#.#......# #.#
#...#.#......# #.# #...#
#......# #.# #.#.# #......#
#.# #@#...#......# #.#
#w#...#......# #.#
#(#...#......# #(#...#...#.##
#(#.#.......#
#(#.#....##.##.# #(#
#..........# #(# #.....#.####
#.# #.#...#.#


You could see a worm.

Vanquished Creatures
  2 adders (D:2)
  An ooze (D:2)
  2 dart slugs (D:1)
  A ball python (D:1)
  2 bats
  4 hobgoblins
  3 jackals (D:2)
  3 kobolds (D:1)
  2 frilled lizards
  A goblin (D:1)
  5 rats
26 creatures vanquished.

Notes
Turn   | Place    | Note
-------+----------+-------------------------------------------
     0 | D:1      | Leeroy the Barachi Skald began the quest for the Orb.
     0 | D:1      | Reached XP level 1. HP: 17/17 MP: 3/3
    43 | D:1      | Reached skill level 3 in Long Blades
    44 | D:1      | Reached XP level 2. HP: 21/23 MP: 5/5
   206 | D:1      | Learned a level 2 spell: Shroud of Golubria
   787 | D:2      | Reached XP level 3. HP: 28/28 MP: 6/6
   898 | D:2      | Reached skill level 4 in Long Blades
  1056 | D:2      | Learned a level 3 spell: Regeneration
  1116 | D:2      | Gained mutation: You are frail. (-10% HP) [potion of
                  | mutation]
  1116 | D:2      | Gained mutation: You have an increased reservoir of magic.
                  | (+10% MP) [potion of mutation]
  1119 | D:2      | HP: 1/25 [poisoned by an adder]
  1124 | D:2      | HP: 1/25 [poisoned by an adder]
  1398 | D:2      | Slain by a worm

Vault maps used:
D:1:      scummos_arrival_forest
D:2:      first_ration

Skill      XL: |  1  2  3 |
---------------+----------+-----
Long Blades    | 3 4 |  4.0
Armour         | 2 |  2.7
Fighting       | |  2.4
Dodging        | |  2.1
Stealth        | |  0.1
Spellcasting   | |  2.1
Charms         | |  3.3

Action                   || total
-------------------------++-------
Melee: Falchion          ||    80
Throw: Stone             ||     9
 Cast: Infusion          ||     2
       Regeneration      ||     1
  Use: Potion            ||     6
  Eat: Chunk             ||     2
Armor: Leather armour    ||    14
       Ring mail         ||    28
Dodge: Dodged            ||    85
       Rpst.: Falchion   ||    25

Table legend:
 A = Non-vault XP
 B = Vault XP
 C = Vault XP percentage of total XP
 D = Non-vault monster count
 E = Vault monster count
 F = Vault count percentage of total count
                 A         B        C        D         E       F
            +---------+---------+-------+---------+---------+-------
      Total |      74 |       0 |   0.0 |      26 |       0 |   0.0
            +---------+---------+-------+---------+---------+-------
        D:1 |      29 |       0 |   0.0 |      16 |       0 |   0.0
        D:2 |      45 |       0 |   0.0 |      10 |       0 |   0.0
            +---------+---------+-------+---------+---------+-------
